 Dungeon Crawl Stone Soup version 0.25.0-33-gff14898491 (webtiles) character file.

Game seed: 3929769615019966216

966 Ethylacetat the Cutter (level 8, -4/56 HPs)
             Began as an Octopode Assassin on July 7, 2020.
             Killed from afar by an orc wizard (9 damage)
             ... with a magic dart
             ... on level 5 of the Dungeon.
             The game lasted 00:13:11 (3486 turns).

Ethylacetat the Cutter (Octopode Assassin)          Turns: 3486, Time: 00:13:12

Health: -4/56      AC:  1    Str: 12    XL:     8   Next: 15%
Magic:  8/8        EV: 36    Int: 13    God:
Gold:   179        SH:  0    Dex: 14    Spells: 7/7 levels left

rFire    . . .     SeeInvis .   w - +2 short sword (venom)
rCold    . . .     Gourm    .   (no shield)
rNeg     . . .     Faith    .   (helmet restricted)
rPois    .         Spirit   .   u - amulet of the acrobat
rElec    .         Reflect  .   q - ring of teleportation (curse)
rCorr    .         Harm     .   n - +4 ring of evasion
MR       .....     Rnd*Tele +   s - +4 ring of evasion
Stlth    ++++......             (no ring)
HPRegen  0.18/turn              (no ring)
MPRegen  0.11/turn              (no ring)
                                (no ring)
                                (no ring)

@: acrobat
A: almost no armour, stealthy swim, amphibious, 8 rings, constrict 8, camouflage
1, gelatinous body 1
a: no special abilities


You were on level 5 of the Dungeon.
You were hungry.

You visited 1 branch of the dungeon, and saw 5 of its levels.

You collected 179 gold pieces.

Inventory:

Hand Weapons
 a - a +2 dagger
 j - a +0 dagger of draining
 w - a +2 short sword of venom (weapon)
Missiles
 b - 31 poisoned darts
 c - 2 curare-tipped darts (quivered)
Jewellery
 n - a +4 ring of evasion (right tentacle)
 q - a cursed ring of teleportation (left tentacle)
 s - a +4 ring of evasion (on tentacle)
 u - an amulet of the acrobat (around mantle)
Wands
 v - a wand of flame (14)
Scrolls
 e - a scroll of random uselessness {unknown}
 f - 4 scrolls of amnesia {unknown}
 g - 3 scrolls of identify {unknown}
 h - 4 scrolls of remove curse {unknown}
 i - a scroll of magic mapping {unknown}
 p - 2 scrolls of teleportation {unknown}
 t - a scroll of fear {unknown}
Potions
 k - a potion of degeneration {unknown}
 l - 2 potions of brilliance {unknown}
 m - a potion of curing {unknown}
 o - a potion of stabbing {unknown}
 x - a potion of heal wounds {unknown}
 z - a potion of ambrosia {unknown}
Comestibles
 d - 11 rations
 r - 3 chunks of flesh


   Skills:
 + Level 5.5 Fighting
 * Level 7.7 Short Blades
 - Level 2.0 Throwing
 - Level 1.0 Dodging
 - Level 5.3 Stealth


You had 7 spell levels left.
You didn't know any spells.
Your spell library was empty.

Dungeon Overview and Level Annotations

Branches:
Dungeon (5/15)
 Temple: D:4-7

Altars:
Elyvilon
Fedhas
Gozag
Qazlal
Ru
Uskayaw
Vehumet

Shops:
D:4 [

Annotations:
D:3 3 runed translucent doors, Ethylacetat's ghost, amateur OpAs; lokapoka's ghost, amateur CeHu


Innate Abilities, Weirdness & Mutations

You cannot wear most types of armour.
You are very stealthy in the water. (Stealth+)
You are amphibious.
You can wear up to eight rings at the same time.
You can use your tentacles to constrict eight enemies at once.
Your skin changes colour to match your surroundings (Stealth+).
Your rubbery body absorbs attacks. (AC +1, EV +1)


Message History

The magic dart hits you.
* * * LOW HITPOINT WARNING * * *
There is an open door here.
An adder comes into view.
The giant cockroach misses you.
Found a stone staircase leading up.
You see here a scroll labeled ZIG DAURUWA.
The adder hisses angrily.
An ogre comes into view. It is wielding a +0 giant spiked club.
The ogre shouts!
You kill the jelly!
The adder completely misses you. The adder bites you.
* * * LOW HITPOINT WARNING * * *
The ogre barely misses you. The adder barely misses you.
The giant cockroach completely misses you.
The ogre misses you. The orc wizard completely misses you.
The orc wizard casts a spell at you. The magic dart hits you!
You die...

.. . .
######+########### .#
...##......##....##.#
....#...............#
....#...............#
....'.?......<..@...#
....#........OS.....#
....#.....o.s.o.....#
....#...............#
#####....####.#####+#
###### ###


You could see an ogre, an orc wizard (fast), an adder, an orc and a giant
cockroach.

Vanquished Creatures
  A hungry ghost (D:2)
  Duvessa (D:4)
  2 ogres
  Dowan (D:4)
  3 scorpions (D:4)
  A crimson imp (D:3)
  An orc priest (D:5)
  A jelly (D:5)
  An orc wizard (D:3)
  4 worker ants
  A hound skeleton (D:4)
  5 adders
  A shadow imp (D:5)
  4 worms
  3 dart slugs
  A leopard gecko (D:3)
  6 orcs
  A bat skeleton (D:2)
  3 giant cockroaches
  3 hobgoblins
  7 jackals
  11 kobolds
  A quokka (D:4)
  A ball python (D:5)
  7 bats
  5 frilled lizards
  5 goblins
  8 rats
89 creatures vanquished.

Notes
Turn   | Place    | Note
-------+----------+-------------------------------------------
     0 | D:1      | Ethylacetat the Octopode Assassin began the quest for the
                  | Orb.
     0 | D:1      | Reached XP level 1. HP: 14/14 MP: 1/1
   184 | D:1      | Reached XP level 2. HP: 19/19 MP: 2/2
   585 | D:1      | Reached skill level 3 in Short Blades
   595 | D:1      | Reached XP level 3. HP: 25/25 MP: 3/3
  1030 | D:2      | Found a blossoming altar of Fedhas.
  1030 | D:2      | Found a stormy altar of Qazlal.
  1079 | D:2      | Reached XP level 4. HP: 24/30 MP: 4/4
  1396 | D:2      | Found a transporter.
  1403 | D:2      | Noticed a hungry ghost
  1404 | D:2      | Found a transporter.
  1416 | D:2      | Found an opulent altar of Gozag.
  1553 | D:3      | Found a runed translucent gate.
  1553 | D:3      | Found a runed translucent gate.
  1553 | D:3      | Found a runed translucent gate.
  1554 | D:3      | Noticed Ethylacetat's ghost (amateur OpAs)
  1554 | D:3      | Noticed lokapoka's ghost (amateur CeHu)
  1647 | D:3      | Reached skill level 4 in Short Blades
  1771 | D:3      | Noticed a +0 hand axe
  1771 | D:3      | Noticed a -3 hand axe
  1777 | D:3      | Found a hide-covered altar of Uskayaw.
  1823 | D:3      | Reached XP level 5. HP: 36/36 MP: 5/5
  1992 | D:2      | Killed a hungry ghost
  1992 | D:2      | Reached skill level 5 in Short Blades
  1992 | D:2      | Reached XP level 6. HP: 23/43 MP: 6/6
  2266 | D:3      | Found a radiant altar of Vehumet.
  2266 | D:3      | Found a white marble altar of Elyvilon.
  2740 | D:4      | Found Gaerpham's Antique Armour Shoppe.
  2740 | D:4      | Noticed Duvessa
  2740 | D:4      | Noticed Dowan
  2750 | D:4      | Killed Duvessa
  2750 | D:4      | Reached skill level 6 in Short Blades
  2750 | D:4      | Reached XP level 7. HP: 48/49 MP: 7/7
  2757 | D:4      | Killed Dowan
  3059 | D:4      | Found a sacrificial altar of Ru.
  3157 | D:4      | Reached skill level 5 in Fighting
  3157 | D:4      | Reached skill level 7 in Short Blades
  3424 | D:5      | Entered Level 5 of the Dungeon
  3435 | D:5      | Reached XP level 8. HP: 34/55 MP: 8/8
  3486 | D:5      | Killed from afar by an orc wizard

Illustrated notes

Levels and vault maps discovered:
D:1:      heliophobic_arrival_ceremonial_halls, layout_loops_ring,
          roderic_serpentine_path
D:2:      layout_basic, grunt_temple_overflow_forces_of_nature,
          gammafunk_temple_overflow_arena
D:3:      layout_loops_corners, amethyst_overflow_temple_binary,
          dancing_weapons_uskayaw, first_ration, gammafunk_ghost_cemetery
D:4:      layout_cave_pools, nicolae_ru_the_path_less_chosen, serial_shops,
          nicolae_shop_stone, chequers_serial_rivers_room_b, uniq_duvessa
D:5:      layout_gridville, chequers_temple_overflow_statue_of_worship,
          serial_shops, nicolae_shop_stone

Skill      XL: |  1  2  3  4  5  6  7 |
---------------+----------------------+-----
Short Blades   | 3 4 5 6 7 |  7.7
Fighting       | 3 4 5 |  5.5
Throwing       | |  2.0
Dodging        | |  1.0
Stealth        | |  5.3

Action                   |  1- 3 |  4- 6 |  7- 9 || total
-------------------------+-------+-------+-------++-------
Melee: Dagger            |    56 |    91 |    12 ||   159
       Tentacles         |    13 |    13 |    11 ||    37
       Constrict         |    11 |    16 |    13 ||    40
       Short sword       |       |       |    49 ||    49
 Stab: Sleeping          |    12 |    12 |     1 ||    25
  Eat: Chunk             |       |     8 |     2 ||    10
Armor: Skin              |     7 |     1 |     1 ||     9
Dodge: Dodged            |    23 |    61 |    65 ||   149
